cohdb
Replays
Latest Replays
All Replays
Popular Replays
Top Player Replays
Match Explorer
How It Works
Community
CoH3 Stats
Reddit
Sign in to upload your games and track your stats! →
Sign in with Steam
Match 43833546
Unlisted
Match 43833546
Overview
Messages
Build Orders
End
Construct Section Command Post
Vickers Machine Gun Team
Infantry Section
Dingo Light Scout Car
Grenade Package
Selects Indian Artillery Battlegroup
Selects Indian Artillery Battlegroup
Construct Platoon Command Post
Infantry Section
Construct Company Command Post
Infantry Section
Selects Valour
Selects Artillery Saturation
Unlock Towed 17-pounder Anti-tank Guns
Selects Gurkha Rifles Section
Gurkha Rifles Section
17-pounder Anti-tank Gun Team
Royal Engineer Section
Selects Off-map Airburst Barrage
Selects BL5.5 Artillery Emplacement
Off-map Airburst Barrage
Off-map Airburst Barrage
Matilda II Heavy Tank
CMP 15cwt Truck
AwA_Calvin
TidaL
dad81ace
Elunie
lll
delicious chicken
Vandron
Prof. Dr. Redbullet (GER)
0
0
Comments
sign in to comment!
No comments posted yet!